 Dungeon Crawl Stone Soup version 0.14-a0-1663-g0b35444 (webtiles) character file.

959 Nicoed the Chopper (level 7, -26/62 HPs)
             Began as a Minotaur Berserker on Dec 29, 2013.
             Was an Initiate of Okawaru.
             Annihilated by a stone giant (51 damage)
             ... summoned by the rage of Trog
             ... in the Ecumenical Temple.
             The game lasted 00:19:53 (4105 turns).

Nicoed the Chopper (Minotaur Berserker)             Turns: 4105, Time: 00:19:54

HP -26/62        AC  8     Str 23      XL: 7   Next: 65%
MP   3/3         EV 11     Int  5      God: Okawaru [......]
Gold 129         SH  0     Dex 10      Spells:  0 memorised,  6 levels left

rFire  . . .     SeeInvis .     t - +2 hand axe
rCold  . . .     Clarity  .     o - +1 ring mail
rNeg   . . .     Conserve .     (no shield)
rPois  .         rCorr    .     (helmet restricted)
rElec  .         rRot     .     (no cloak)
SustAb . .       Spirit   .     a - +0 pair of gloves
rMut   .         Warding  .     (no boots)
Saprov . . .     Stasis   .     (no amulet)
                                e - +3,+6 ring of slaying {unknown}
                                d - +1 ring of dexterity

@: very slightly contaminated, slightly resistant to hostile enchantments, very
unstealthy
A: retaliatory headbutt, horns 2
a: Renounce Religion


You were in the Ecumenical Temple.
You worshipped Okawaru.
Okawaru was noncommittal.
You were not hungry.

You visited 2 branches of the dungeon, and saw 6 of its levels.

You collected 129 gold pieces.

Inventory:

Hand weapons
 t - a +2,+2 hand axe (weapon)
Armour
 a - a +0 pair of gloves (worn)
 o - a +1 ring mail (worn)
Magical devices
 g - a wand of slowing (0)
 k - a wand of frost (7)
Comestibles
 c - a bread ration
 f - 3 meat rations
 i - a pear
 j - 2 lemons
Scrolls
 h - a scroll of recharging
 l - 3 scrolls of enchant armour
 n - 2 scrolls of magic mapping
 r - a scroll of blinking
 s - a scroll of remove curse {unknown}
 u - a scroll of fog {unknown}
Jewellery
 d - a +1 ring of dexterity (left hand)
 e - a +3,+6 ring of slaying (right hand) {unknown}
Potions
 m - 2 potions of lignification
 p - a potion of heal wounds
 q - a potion of curing


   Skills:
 + Level 5.9 Fighting
 + Level 6.1 Axes
 + Level 5.0 Armour
 + Level 5.9 Dodging
 + Level 1.0 Stealth


You had 6 spell levels left.
You didn't know any spells.

Dungeon Overview and Level Annotations

Branches:
Dungeon (5/16)             Temple (1/1) D:5

Altars:
Elyvilon
Fedhas
Kikubaaqudgha
Makhleb
Okawaru
Sif Muna
Trog
Vehumet
Yredelemnul
the Shining One


Innate Abilities, Weirdness & Mutations

You reflexively headbutt those who attack you in melee.
You have a pair of horns on your head.


Message History

The stone giant hits you! The grizzly bear bites you.
The grizzly bear claws you but does no damage.
The grizzly bear claws you.
Blink to where?
Press: ? - help, Dir - move target cursor
As you read the scroll of blinking, it crumbles to dust.
You are very lightly contaminated with residual magic.
The stone giant rages.
The stone giant rages.
The grizzly bear rages.
The grizzly bear rages.
The grizzly bear rages.
The stone giant rages.
The grizzly bear rages.
The grizzly bear bites you. The grizzly bear barely misses you.
The grizzly bear claws you.
The grizzly bear bites you but does no damage.
The grizzly bear claws you. The grizzly bear barely misses you.
The stone giant hits you!
Ouch! That really hurt!
You die...

≈≈≈§§≈§≈≈≈§§≈≈≈...§≈≈§§§
≈§§≈≈≈≈§≈≈≈≈≈≈.....≈≈§§≈§
≈≈§≈§≈§≈≈§§≈≈§..⌠..≈≈≈≈≈≈
§§≈≈≈§≈§§≈≈≈§§§....≈≈≈≈§≈≈§
≈§§§≈§§§≈§≈≈≈≈§....≈≈≈≈≈≈≈≈
≈≈§≈≈§≈≈≈≈≈≈§§.....≈≈≈§≈≈≈§
.≈≈≈§§≈§≈§≈≈≈......§≈≈≈≈§≈≈
...............U...§≈≈≈≈≈≈≈
...............C@..≈≈≈≈≈§§≈
....§§§..§§§.......≈≈§§§§≈§
.§≈§≈§≈§≈≈§§§§§....§§§§≈≈≈
§§≈§§≈§§§≈§§≈≈§..§§§§§§≈§§
§§§§§≈≈§§≈≈≈§§§...§≈≈§≈≈≈≈
§≈§≈≈≈≈§≈§§≈§§§...§§§≈§≈≈
≈≈≈§§§§≈≈≈≈≈§§..⌠..§≈§≈§§
§≈§§≈§§≈§≈≈≈≈§§.§..≈§§§≈§
§§≈≈≈≈≈§§≈≈≈§§§.§.≈≈≈≈≈§§


You could see a stone giant (berserk) and a grizzly bear (berserk).

Vanquished Creatures
  Purgy (D:4)
  2 ogres (D:4)
  A giant frog (D:4)
  3 orc priests (D:4)
  2 iguanas (D:4)
  4 orc wizards (D:4)
  Ijyb (D:4)
  Terence (D:2)
  11 adders
  An inept feature mimic (D:5)
  A giant gecko (D:4)
  An ooze (D:2)
  18 orcs
  7 bats
  11 goblins
  9 hobgoblins
  9 jackals
  A quokka (D:4)
  A ball python (D:2)
  3 giant cockroaches
  8 giant newts
  A goblin skeleton (D:4)
  16 kobolds
  11 rats
124 creatures vanquished.

Vanquished Creatures (others)
  A goblin (D:3)
1 creature vanquished.

Grand Total: 125 creatures vanquished

Notes
Turn   | Place    | Note
--------------------------------------------------------------
     0 | D:1      | Nicoed, the Minotaur Berserker, began the quest for the Orb.
     0 | D:1      | Reached XP level 1. HP: 19/19 MP: 1/1
   223 | D:1      | Reached XP level 2. HP: 22/27 MP: 1/1
   305 | D:1      | Reached skill level 4 in Fighting
   699 | D:2      | Acquired Trog's second power
   712 | D:2      | Reached XP level 3. HP: 26/34 MP: 2/2
   868 | D:2      | Found a white marble altar of Elyvilon.
  1250 | D:2      | Noticed Terence
  1264 | D:2      | Killed Terence
  1264 | D:2      | Reached XP level 4. HP: 9/41 MP: 2/2
  2428 | D:3      | Reached XP level 5. HP: 47/47 MP: 2/2
  2632 | D:3      | Found a bloodstained altar of Trog.
  2857 | D:4      | Noticed an ogre
  2863 | D:4      | Killed an ogre
  2863 | D:4      | Reached skill level 5 in Fighting
  2863 | D:4      | Reached skill level 5 in Axes
  2931 | D:4      | Reached XP level 6. HP: 53/56 MP: 3/3
  3056 | D:4      | Reached skill level 1 in Stealth
  3059 | D:4      | Acquired Trog's third power
  3234 | D:4      | Noticed Ijyb
  3239 | D:4      | Reached skill level 5 in Dodging
  3243 | D:4      | Killed Ijyb
  3264 | D:4      | Reached XP level 7. HP: 61/61 MP: 3/3
  3416 | D:4      | Noticed Purgy
  3425 | D:4      | Killed Purgy
  3556 | D:4      | Reached skill level 6 in Axes
  3909 | D:5      | Entered Level 5 of the Dungeon
  3921 | D:5      | Found a staircase to the Ecumenical Temple.
  3968 | D:5      | Reached skill level 5 in Armour
  3977 | Temple   | Entered the Ecumenical Temple
  4088 | Temple   | Fell from the grace of Trog
  4088 | Temple   | Became a worshipper of Warmaster Okawaru
  4089 | Temple   | Noticed a stone giant
  4089 | Temple   | Noticed a grizzly bear
  4105 | Temple   | Annihilated by a stone giant

Action                   |  1- 3 |  4- 6 |  7- 9 || total
-------------------------+-------+-------+-------++-------
Melee: Hand axe          |    98 |    89 |    42 ||   229
       Battleaxe         |       |    28 |       ||    28
  Use: Potion            |     2 |       |     2 ||     4
       Scroll            |       |    10 |     2 ||    12
